 Dungeon Crawl Stone Soup version 0.27-a0-984-g00e00afbbc (webtiles) character file.

Game seed: 11082729805659176335

45 Morbidden the Skirmisher (level 3, -3/49 HPs)
             Began as a Draconian Monk on Apr 15, 2021.
             Slain by Terence
             ... wielding a +0 mace
              (8 damage)
             ... on level 2 of the Dungeon.
             The game lasted 00:01:11 (1274 turns).

Morbidden the Skirmisher (Draconian Monk)           Turns: 1274, Time: 00:01:11

Health: -3/49      AC:  5    Str: 13    XL:     3   Next: 42%
Magic:  3/3        EV: 13    Int: 11    God:
Gold:   37         SH:  0    Dex: 19    Spells: 2/2 levels left

rFire    . . .     SeeInvis .     - Unarmed
rCold    . . .     Faith    .   (no shield)
rNeg     . . .     Spirit   .   (armour unavailable)
rPois    .         Reflect  .   (helmet restricted)
rElec    .         Harm     .   (no cloak)
rCorr    .         Rampage  .   (no gloves)
Will     .....                  (no boots)
Stlth    ..........             (no amulet)
HPRegen  0.16/turn              b - +6 ring of dexterity
MPRegen  0.08/turn              (no ring)

@: berserking, very quick
A: AC +5, unfitting armour, cold-blooded
a: no special abilities


You were on level 2 of the Dungeon.
You visited 1 branch of the dungeon, and saw 2 of its levels.

You collected 37 gold pieces.

Inventory:

Jewellery
 b - a +6 ring of dexterity (left hand)
Scrolls
 a - a scroll of identify {unknown}


   Skills:
 * Level 3.8 Fighting
 * Level 3.1 Dodging
 + Level 2.2 Stealth
 + Level 3.5 Unarmed Combat


You had 2 spell levels left.
You didn't know any spells.
Your spell library was empty.

Dungeon Overview and Level Annotations

Branches:
Dungeon (2/15)

Altars:
Makhleb

Annotations:
D:2 Terence


Innate Abilities, Weirdness & Mutations

Your plain brown scales are hard. (AC +5)
You cannot fit into any form of body armour.
You are cold-blooded and may be slowed by cold attacks.


Message History

You hit Terence but do no damage.
Terence is heavily wounded.
Terence completely misses you. Terence hits you with a +0 mace.
You barely miss Terence.
Terence is heavily wounded.
Terence barely misses you.
You hit Terence but do no damage.
You tail-slap Terence, but do no damage.
Terence is heavily wounded.
Terence hits you with a +0 mace.
Terence says, "Don't bother to defend, it's pointless."
Terence barely misses you.
You hit Terence but do no damage.
Terence is heavily wounded.
Terence hits you with a +0 mace.
You hit Terence. Your punch misses Terence.
Terence is heavily wounded.
Terence asks, "Do you want it fast or slow?"
Terence barely misses you.
You barely miss Terence.
Terence is heavily wounded.
Terence hits you but does no damage. x2
Unknown command.
You hit Terence.
Terence is heavily wounded.
Terence closely misses you.
You hit Terence but do no damage.
Terence is heavily wounded.
Terence hits you with a +0 mace. Terence completely misses you.
Terence closely misses you. Terence hits you with a +0 mace!
* * * LOW HITPOINT WARNING * * *
It was a potion of berserk rage.
A red film seems to cover your vision as you go berserk!
You feel yourself moving faster!
You feel mighty! Terence misses you.
Unknown command.
You hit Terence.
Terence is severely wounded.
Terence hits you with a +0 mace!
You die...

#########
........#
######## #.#
#......# #.#
####.#.# #@#
#.#.###@##
#.#......#
#†.......#
#........#
#..._....#
########........#
#...............#
#..........######
#.........##


You could see Terence (fast).

Vanquished Creatures
  An adder (D:2)
  2 dart slugs (D:1)
  4 endoplasms (D:1)
  2 giant cockroaches (D:1)
  A hobgoblin (D:1)
  2 jackals (D:1)
  2 kobolds (D:1)
  3 quokkas (D:1)
  4 ball pythons (D:1)
  2 bats (D:2)
  4 goblins
  4 rats (D:1)
31 creatures vanquished.

Notes
Turn   | Place    | Note
-------+----------+-------------------------------------------
     0 | D:1      | Morbidden the Draconian Monk began the quest for the Orb.
     0 | D:1      | Reached XP level 1. HP: 19/19 MP: 1/1
   280 | D:1      | Reached XP level 2. HP: 18/26 MP: 2/2
   699 | D:1      | Found a faded altar of an unknown god.
   942 | D:1      | Reached XP level 3. HP: 31/33 MP: 3/3
  1140 | D:2      | Found a burning altar of Makhleb.
  1248 | D:2      | Noticed Terence
  1274 | D:2      | Slain by Terence

Illustrated notes

Levels and vault maps discovered:
D:1:      minmay_arrival_four_loops, layout_basic,
          hellmonk_ecumenical_altar_run_dry
D:2:      layout_basic, basic_altar, uniq_jessica, uniq_terence

Skill      XL: |  1  2 |
---------------+-------+-----
Dodging        | 3 |  3.1
Stealth        | 2 |  2.2
Fighting       | |  3.8
Unarmed Combat | |  3.5

Action                   || total
-------------------------++-------
Melee: Unarmed           ||   105
       Tailslap          ||    16
       Punch             ||     1
  Use: Potion            ||     1
 Stab: Sleeping          ||    10
Armor: Skin              ||    25
Dodge: Dodged            ||    66

Table legend: (Time is in decaauts)
 A = Elapsed time spent in this place.
 B = Non-inter-level travel time spent in this place.
 C = Inter-level travel time spent in this place.
 D = Time resting spent in this place.
 E = Time spent auto-exploring this place.
 F = Levels seen in this place.
 G = Mean time per level.
                   A        B        C        D        E       F      G
               +--------+--------+--------+--------+--------+-----+--------+
         Total |   1271 |   1243 |     28 |      0 |   1014 |   2 |  635.5 |
       Dungeon |   1271 |   1243 |     28 |      0 |   1014 |   2 |  635.5 |
               +--------+--------+--------+--------+--------+-----+--------+

Top non-repeatable levels by time:
     D:1: 1156 daAuts
     D:2: 114 daAuts
